Description

The build order is an anti-gas stealing all-in.

VOD

https://youtu.be/BQM8XAHRdWQ

Replay - Alexander v zuka - Jagannatha LE

Build Order

Get SALT Encoding   

  12  0:00  Probe  
  13  0:12  Probe  
  14  0:18  Pylon  
  14  0:24  Probe (Chrono Boost)  
  15  0:37  Probe x2 (Chrono Boost)  
  15  0:40  Gateway  
  16  0:49  Assimilator  
  17  0:57  Pylon  
  17  1:00  Probe  
  18  1:12  Probe  
  18  1:16  Gateway  
  19  1:24  Probe  
  20  1:29  Cybernetics Core  
  20  1:32  Zealot  
  22  1:36  Probe  
  23  1:45  Pylon  
  23  2:00  Warp Gate (Chrono Boost)  
  23  2:05  Zealot  
  25  2:15  Robotics Facility  
  25  2:21  Zealot  
  27  2:24  Pylon  
  27  2:33  Gateway x2  
  27  2:42  Zealot  
  29  2:48  Pylon  
  29  3:00  Warp Prism (Chrono Boost)  
  31  3:11  Assimilator  
  31  3:36  Stalker x4  
  39  4:17  Zealot x4  
  43  4:43  Stalker x3  
Spawning Tool Build Advisor. Get it on Overwolf

Go to:

Details

  • Created by: zuka      
  • Published on: Jun 21, 2021
  • Modified on: Jun 21, 2021
  • Patch: 4.11.0
  • Difficulty: Easy
Show
View Real Time Build Order
Export as new Build Order

Comments (0)

There are no comments. Be the first!

Create an account to comment!